 Dungeon Sprint DCSS version 0.26-a0-1026-g544776af23 (webtiles) character file.

Game seed: 9115750893754731019

452307 sahdkjhfkaj the Bringer of Law (level 18, 300/300 HPs)
             Began as a Hill Orc Monk on Dec 9, 2020.
             Was the Champion of Zin.
             Escaped with the Orb!
             The game lasted 00:07:46 (4114 turns).

sahdkjhfkaj the Bringer of Law (Hill Orc Monk)      Turns: 4114, Time: 00:07:46

Health: 300/300    AC: 37    Str: 34    XL:     18   Next: 88%
Magic:  35/35      EV: 19    Int: 10    God:    Zin [******]
Gold:   0          SH: 41    Dex: 13    Spells: 17/17 levels left

rFire    + . .     SeeInvis .   b - +7 Singing Sword {vorpal, sonic wave}
rCold    + . .     Faith    .   F - +18 shield of the Gong {rElec rN+ Will+ EV-5}
rNeg     + . .     Spirit   +   E - +15 Maxwell's patent armour {-Cast -Tele rElec Will+ rCorr}
rPois    +         Reflect  .   (no helmet)
rElec    +         Harm     .   (no cloak)
rCorr    +         Rampage  .   (no gloves)
Will     +++..     NoTele   +   (no boots) Stlth ..........NoCast +
                                l - brooch of Shielding {Spirit SH+8}
HPRegen  0.60/turn              z - +6 ring of strength
MPRegen  0.24/turn              y - +6 ring of strength

@: mighty, brilliant, berserking, resistant, very slightly contaminated, hasted,
invisible, very quick
A: subdued magic 1
0: Orb of Zot
a: Recite, Vitalisation, Imprison, Sanctuary, Donate Gold, Renounce Religion


You escaped.
You worshipped Zin.
Zin was exalted by your worship.
You visited 1 branch

Inventory:

Hand Weapons
 b - the +7 Singing Sword (weapon) {vorpal, sonic wave}
   (You found it in the Dungeon)

   It inflicts extra damage upon your enemies.
Armour
 E - the +15 Maxwell's patent armour (worn) {-Cast -Tele rElec Will+ rCorr}
   (You found it in the Dungeon)

   It insulates you from electricity.
   It affects your willpower, your defense against some magical effects.
   It prevents spellcasting.
   It prevents most forms of teleportation.
   It provides partial protection from all sources of acid and corrosion.
 F - the +18 shield of the Gong (worn) {rElec rN+ Will+ EV-5}
   (You found it in the Dungeon)

   It affects your evasion (-5).
   It insulates you from electricity.
   It protects you from negative energy.
   It affects your willpower, your defense against some magical effects.
Jewellery
 a - the ring of the Firefly {Fire rElec Slay+4 Stlth-}
   (You took it off a wight in the Dungeon)

   [ring of fire]

   It enhances your fire magic.
   It affects your accuracy and damage with ranged weapons and melee attacks
   (+4).
   It protects you from fire.
   It makes you vulnerable to cold.
   It insulates you from electricity.
   It makes you less stealthy.
 l - the brooch of Shielding (around neck) {Spirit SH+8}
   (You found it in the Dungeon)

   [amulet of guardian spirit]

   It causes incoming damage to be split between your health and magic.
   It affects your SH (+8).
 t - an uncursed ring of flight
 u - a +6 ring of dexterity
 v - a +6 ring of dexterity
 w - a +6 ring of intelligence
 x - a +6 ring of intelligence
 y - a +6 ring of strength (right hand)
 z - a +6 ring of strength (left hand)
Wands
 A - a wand of disintegration (7)
 B - a wand of iceblast (7)
 C - a wand of acid (7)
Scrolls
 h - 4 scrolls of blinking
 n - 4 scrolls of amnesia
 o - 7 scrolls of fog
 p - 3 scrolls of holy word
 q - 5 scrolls of identify
 r - 5 scrolls of remove curse
 s - 2 scrolls of fear
Potions
 c - 8 potions of curing
 d - 6 potions of heal wounds
 e - 3 potions of haste
 f - 7 potions of magic
 i - a potion of brilliance
 k - 2 potions of resistance
 m - 3 potions of might
Miscellaneous
 D - a lightning rod (4/4)


   Skills:
 O Level 27 Fighting
 - Level 0.3(15.6) Short Blades
 + Level 24.4 Long Blades
 O Level 27 Armour
 O Level 27 Dodging
 - Level 1.7 Stealth
 - Level 15.0 Shields
 - Level 0.1 Unarmed Combat
 O Level 27 Invocations
 - Level 0.1 Evocations


You had 17 spell levels left.
You didn't know any spells.
Your spell library was empty.

Dungeon Overview and Level Annotations

Branches:
Dungeon (1/1)

Altars:
Ashenzari
Cheibriados
Dithmenos
Elyvilon
Fedhas
Gozag
Hepliaklqana
Kikubaaqudgha
Makhleb
Nemelex Xobeh
Okawaru
Qazlal
Ru
Sif Muna
Trog
Uskayaw
Vehumet
Wu Jian
Xom
Yredelemnul
Zin
The Shining One
Beogh
Jiyva
Lugonu


Innate Abilities, Weirdness & Mutations

Your spells are a little easier to cast, but a little less powerful.


Message History

You start waiting.
You feel yourself speed up.
You start waiting.
Your extra speed is starting to run out.
You start waiting.
You feel yourself slow down.
You start waiting.
You recover from your berserk rage.
You feel yourself speed up.
You feel clever all of a sudden.
You fade into invisibility!
You are very lightly contaminated with residual magic.
You feel protected.
You feel very mighty all of a sudden.
Okay, then.
Okay, then.
A red film seems to cover your vision as you go berserk!
You feel yourself moving faster!
You feel mighty!
You feel a strong urge to attack something.
You have escaped!

............▓..▓.......▓..▓...8©8
............▓.▓.▓.....▓.▓.▓..||)[
............▓..▓.......▓..▓..):)|
............▓.............▓..)...
...†.†......▓......©......▓....).
............▓▓▓▓▓▓▓▓▓▓▓▓▓▓▓......
▓.......▓...▓8888888888888▓...)).
.▓.....▓.▓..▓8...........8▓..▓)..
▓.......▓...▓8..@.....©..8▓.▓....
............▓8...........8▓....©.
....©.......▓8888888888888▓▓▓▓▓▓▓
▓▓▓▓▓▓▓▓▓▓▓▓▓▓▓▓▓▓▓▓▓▓▓▓▓▓▓▓▓▓▓▓▓
.....8©8....... ▓........8©8.....
=).}[==:)?))|)| ▓..}))|||}|||))).


[::)::)})|"[})[ ▓.|)))))|))).|=|) :"}:)=|[|)||[)) ▓..))))):))}|))))
............... ▓.......:):)}).). There were no monsters in sight!

Vanquished Creatures
  A juggernaut (shapeshifter) (D)
  2 pandemonium lords (D)
  A shard shrike (shapeshifter) (D)
  3 golden dragons (shapeshifter) (D)
  2 bone dragons (D)
  3 Tzitzimimeh (D)
  2 liches (D)
  5 deep elf master archers (D)
  An acid blob (D)
  A sphinx (shapeshifter) (D)
  2 titans (shapeshifter) (D)
  3 shadow dragons (D)
  An iron dragon (shapeshifter) (D)
  7 orc warlords (D)
  5 ghost moths (D)
  An emperor scorpion (shapeshifter) (D)
  9 ghouls (D)
  A warmonger (D)
  2 emperor scorpions (D)
  A reaper (D)
  5 stone giants (D)
  6 vampire knights (D)
  An entropy weaver (shapeshifter) (D)
  A black sun (D)
  A spark wasp (D)
  A spark wasp (shapeshifter) (D)
  A dire elephant (shapeshifter) (D)
  3 entropy weavers (D)
  6 merfolk javelineers (D)
  An ettin (D)
  3 blizzard demons (D)
  An eidolon (D)
  An eleionoma (shapeshifter) (D)
  A death ooze (D)
  A mummy priest (D)
  7 yaktaur captains (D)
  A rakshasa (D)
  2 hydras (D)
  5 centaur warriors (D)
  A boulder beetle (D)
  3 spriggan air magi (D)
  A two-headed ogre (shapeshifter) (D)
  A death yak (shapeshifter) (D)
  A thrashing horror (D)
  4 vampire magi (D)
  A shock serpent (shapeshifter) (D)
  A spriggan berserker (D)
  2 orc high priests (D)
  2 sun demons (D)
  4 wretched stars (D)
  2 sixfirhies (D)
  An iron troll (shapeshifter) (D)
  A fire crab (shapeshifter) (D)
  7 soul eaters (D)
  8 skeletal warriors (D)
  2 goliath frogs (shapeshifter) (D)
  2 swamp dragons (shapeshifter) (D)
  A death drake (shapeshifter) (D)
  2 deep trolls (shapeshifter) (D)
  A glowing orange brain (D)
  8 large abominations (D)
  A spriggan druid (D)
  3 glowing orange brains (shapeshifter) (D)
  3 starcursed masses (D)
  A phantasmal warrior (D)
  A harpy (shapeshifter) (D)
  2 necromancers (D)
  A lindwurm (shapeshifter) (D)
  2 orb spiders (D)
  An ugly thing (D)
  12 wolf spiders (D)
  11 orc knights (D)
  4 cyclopes (D)
  An oklob plant (D)
  A shining eye (shapeshifter) (D)
  A manticore (shapeshifter) (D)
  A cyclops (shapeshifter) (D)
  A moth of wrath (shapeshifter) (D)
  A slime creature (D)
  2 orc sorcerers (D)
  3 moths of wrath (D)
  A worldbinder (D)
  A faun (shapeshifter) (D)
  A shining eye (D)
  An apocalypse crab (D)
  A black mamba (shapeshifter) (D)
  2 eyes of devastation (D)
  2 rust devils (D)
  An elephant (shapeshifter) (D)
  2 orange demons (D)
  A water nymph (shapeshifter) (D)
  A black mamba (D)
  A torpor snail (shapeshifter) (D)
  4 cane toads (D)
  4 freezing wraiths (D)
  9 yaktaurs (D)
  2 yaktaurs (shapeshifter) (D)
  4 demonic crawlers (D)
  2 ice devils (D)
  A tormentor (D)
  3 komodo dragons (D)
  An efreet (D)
  An ancient zyme (D)
  3 guardian mummies (D)
  3 merfolk (shapeshifter) (D)
  A red devil (D)
  2 hellwings (D)
  4 jumping spiders (D)
  A jumping spider (shapeshifter) (D)
  3 merfolk (D)
  A troll (shapeshifter) (D)
  2 trolls (D)
  A wind drake (shapeshifter) (D)
  A meliai (shapeshifter) (D)
  A wind drake (D)
  3 blink frogs (D)
  A slime creature (shapeshifter) (D)
  13 hornets (D)
  A raiju (D)
  2 hornets (shapeshifter) (D)
  A dream sheep (shapeshifter) (D)
  8 small abominations (D)
  A redback (shapeshifter) (D)
  7 spriggans (D)
  8 tarantellas (D)
  6 shadows (D)
  A tarantella (shapeshifter) (D)
  3 yaks (D)
  4 ynoxinuls (D)
  4 redbacks (D)
  A wraith (D)
  A fire bat (shapeshifter) (D)
  A yak (shapeshifter) (D)
  A wyvern (D)
  4 basilisks (D)
  4 neqoxecs (D)
  3 steam dragons (D)
  A chaos spawn (D)
  A naga (D)
  A swamp worm (shapeshifter) (D)
  4 wargs (D)
  5 water moccasins (D)
  A soldier ant (shapeshifter) (D)
  2 floating eyes (shapeshifter) (D)
  18 orc warriors (D)
  4 black bears (D)
  3 eyes of draining (D)
  2 swamp drakes (D)
  An eye of draining (shapeshifter) (D)
  5 ogres (D)
  2 ice beasts (D)
  2 black bears (shapeshifter) (D)
  An ice beast (shapeshifter) (D)
  A wolf (shapeshifter) (D)
  A wolf (D)
  9 centaurs (D)
  6 necrophages (D)
  4 bullfrogs (D)
  11 wights (D)
  A crimson imp (D)
  2 quasits (D)
  3 orc wizards (D)
  4 jellies (D)
  4 orc priests (D)
  4 iron imps (D)
  5 mummies (D)
  2 shadow imps (D)
  6 white imps (D)
  3 ufetubi (D)
  3 oozes (D)
  11 adder zombies (D)
  8 adder skeletons (D)
  An orc (D)
  7 bat skeletons (D)
  7 bat zombies (D)
  A goblin (shapeshifter) (D)
  A ball python (D)
  A ball python skeleton (D)
  A giant cockroach simulacrum (D)
  A jackal skeleton (D)
  A jackal zombie (D)
  2 leopard gecko skeletons (D)
  2 quokka skeletons (D)
  A quokka zombie (D)
  87 pillars of salt (D)
611 creatures vanquished.

Vanquished Creatures (others)
  A deep elf master archer (D)
  A stone giant (D)
  An orc sorcerer (D)
  24 pillars of salt (D)
27 creatures vanquished.

Grand Total: 638 creatures vanquished

Notes
Turn   | Place    | Note
-------+----------+-------------------------------------------
     0 | D        | sahdkjhfkaj the Hill Orc Monk began the quest for the Orb.
     0 | D        | Reached XP level 1. HP: 19/19 MP: 1/1
     0 | D        | Found a shimmering blue altar of Sif Muna.
     0 | D        | Found a sacrificial altar of Ru.
     0 | D        | Found a bloodstained altar of Trog.
     0 | D        | Found a stormy altar of Qazlal.
     0 | D        | Found an iron altar of Okawaru.
     0 | D        | Found a sparkling altar of Nemelex Xobeh.
     0 | D        | Found a blossoming altar of Fedhas.
     0 | D        | Banished a spatial maelstrom
     1 | D        | Found the +6 Majin-Bo {vamp, MP+6 Int+6}
     1 | D        | Found the +9 heavy crossbow "Sniper" {vorpal, Acc+∞ SInv}
     1 | D        | Found the +10 dark maul {vorpal}
     1 | D        | Found the +15 Maxwell's patent armour {-Cast -Tele rElec
                  | Will+ rCorr}
     1 | D        | Found the +18 shield of the Gong {rElec rN+ Will+ EV-5}
     1 | D        | Found the cursed +14 obsidian axe {vorpal, +Fly SInv
                  | *Curse}
     1 | D        | Found the +7 great mace "Firestarter" {inner flame, rF++}
     1 | D        | Found the +6 shillelagh "Devastator" {shatter}
     1 | D        | Found the +11 plutonium sword {*Contam Stlth-}
     1 | D        | Found the +8 lance "Wyrmbane" {slay drac, rPois rF+ rC+
                  | AC+3}
     1 | D        | Found the +9 sword of Zonguldrok {reap}
     1 | D        | Found the cursed +13 scythe of Curses {drain, *Curse}
     1 | D        | Found the +0 sword of Power
     1 | D        | Found the +7 mace of Variability {chain chaos}
     1 | D        | Found the +7 Singing Sword {vorpal, sonic wave}
     1 | D        | Found the +8 storm bow {elec, penet}
     2 | D        | Found a transporter.
     2 | D        | Found an ancient bone altar of Kikubaaqudgha.
     2 | D        | Found a viscous altar of Jiyva.
     2 | D        | Found a corrupted altar of Lugonu.
     2 | D        | Found a hazy altar of Hepliaklqana.
     2 | D        | Found a burning altar of Makhleb.
     2 | D        | Found an opulent altar of Gozag.
    20 | D        | Banished a spatial maelstrom
    81 | D        | Became a worshipper of Zin the Law-Giver
    81 | D        | Reached * piety under Zin
    81 | D        | Reached ** piety under Zin
    97 | D        | Reached skill level 5 in Fighting
    97 | D        | Reached XP level 2. HP: 30/30 MP: 2/2
    99 | D        | Entered arena 2.
    99 | D        | Noticed a naga
    99 | D        | Found a transporter.
   102 | D        | Killed a naga
   103 | D        | Reached skill level 5 in Invocations
   103 | D        | Reached XP level 3. HP: 38/38 MP: 2/6
   103 | D        | Reached XP level 4. HP: 45/45 MP: 2/7
   103 | D        | Reached XP level 5. HP: 51/51 MP: 2/8
   108 | D        | Entered arena 3.
   108 | D        | Noticed a necrophage
   108 | D        | Found a transporter.
   111 | D        | Killed a necrophage
   112 | D        | Reached skill level 5 in Armour
   112 | D        | Reached XP level 6. HP: 60/60 MP: 2/11
   117 | D        | Entered arena 4.
   117 | D        | Noticed an eye of draining
   117 | D        | Found a transporter.
   126 | D        | Killed an eye of draining
   127 | D        | Reached skill level 5 in Shields
   131 | D        | Entered arena 5.
   131 | D        | Found a transporter.
   132 | D        | Found the +7 great mace "Undeadhunter" {disrupt, rN+}
   137 | D        | Reached skill level 10 in Long Blades
   137 | D        | Reached XP level 7. HP: 68/68 MP: 1/13
   145 | D        | Entered arena 6.
   145 | D        | Noticed a spriggan
   145 | D        | Noticed a spriggan
   145 | D        | Found a transporter.
   150 | D        | Killed a spriggan
   151 | D        | Reached skill level 10 in Invocations
   151 | D        | Killed a spriggan
   152 | D        | Reached XP level 8. HP: 67/78 MP: 3/16
   159 | D        | Entered arena 7.
   159 | D        | Noticed a wyvern
   160 | D        | Found a transporter.
   163 | D        | Killed a wyvern
   166 | D        | Reached skill level 10 in Fighting
   167 | D        | Reached XP level 9. HP: 64/85 MP: 5/18
   252 | D        | Entered arena 8.
   252 | D        | Noticed a cyan ugly thing
   252 | D        | Noticed a yaktaur
   252 | D        | Noticed a hornet
   252 | D        | Noticed a shining eye
   252 | D        | Gained mutation: Your spells are a little easier to cast,
                  | but a little less powerful. [a shining eye]
   253 | D        | Found a transporter.
   258 | D        | Reached *** piety under Zin
   259 | D        | Killed a yaktaur
   259 | D        | Killed a hornet
   259 | D        | Reached **** piety under Zin
   259 | D        | Killed a cyan ugly thing
   260 | D        | Killed a shining eye
   387 | D        | Entered arena 9.
   387 | D        | Noticed a spriggan rider
   388 | D        | Found a transporter.
   391 | D        | Reached XP level 10. HP: 86/96 MP: 20/20
   407 | D        | Reached skill level 10 in Armour
   410 | D        | Reached skill level 15 in Invocations
   609 | D        | Entered arena 10.
   610 | D        | Identified the +2 quarterstaff of Adeudgh {drain, Fragile
                  | rPois Dex+2}
   623 | D        | Found a transporter.
   625 | D        | Reached skill level 10 in Shields
   799 | D        | Acquired an uncursed staff of air
   801 | D        | Entered arena 11.
   802 | D        | Found a transporter.
   933 | D        | Entered arena 12.
   934 | D        | Noticed a mummy priest
   935 | D        | Found a transporter.
   936 | D        | Noticed a flayed ghost
   936 | D        | Reached ***** piety under Zin
   938 | D        | Noticed an orange demon
   943 | D        | Reached skill level 15 in Long Blades
   943 | D        | Killed a mummy priest
   944 | D        | Reached XP level 11. HP: 53/105 MP: 23/23
  1135 | D        | Entered arena 13.
  1135 | D        | Noticed a skeletal warrior
  1136 | D        | Noticed a vampire knight
  1136 | D        | Noticed a vampire knight
  1137 | D        | Found a transporter.
  1138 | D        | Reached ****** piety under Zin
  1141 | D        | Killed a vampire knight
  1144 | D        | Killed a skeletal warrior
  1149 | D        | Killed a vampire knight
  1198 | D        | Entered arena 14.
  1199 | D        | Noticed a glowing orange brain
  1199 | D        | Noticed an acid blob
  1199 | D        | Noticed a death ooze
  1201 | D        | Found the +8 glaive of the Guard {elec, +Rage AC+5 SInv}
  1201 | D        | Found a transporter.
  1208 | D        | Killed an acid blob
  1209 | D        | Killed a glowing orange brain
  1210 | D        | Reached XP level 12. HP: 56/117 MP: 4/25
  1210 | D        | Killed a death ooze
  1421 | D        | Entered arena 15.
  1422 | D        | Noticed a spriggan berserker
  1422 | D        | Noticed a five-headed hydra
  1422 | D        | Noticed a spriggan air mage
  1422 | D        | Noticed a spriggan air mage
  1423 | D        | Noticed an eight-headed hydra
  1423 | D        | Noticed a spriggan air mage
  1424 | D        | Found a transporter.
  1429 | D        | Killed a spriggan berserker
  1429 | D        | Killed a seven-headed hydra
  1429 | D        | Killed a spriggan air mage
  1430 | D        | Reached skill level 15 in Fighting
  1430 | D        | Killed a nine-headed hydra
  1430 | D        | Killed a spriggan air mage
  1430 | D        | Killed a spriggan air mage
  1587 | D        | Entered arena 16.
  1587 | D        | Noticed a vampire knight
  1587 | D        | Noticed a vampire mage
  1588 | D        | Noticed a vampire knight
  1589 | D        | Noticed a lich
  1589 | D        | Noticed a vampire mage
  1590 | D        | Found a transporter.
  1591 | D        | Killed a vampire mage
  1593 | D        | Killed a vampire knight
  1594 | D        | Killed a vampire mage
  1595 | D        | Reached XP level 13. HP: 107/129 MP: 26/28
  1601 | D        | Killed a vampire knight
  1602 | D        | Reached skill level 15 in Armour
  1604 | D        | Killed a lich
  1735 | D        | Entered arena 17.
  1738 | D        | Noticed a blizzard demon
  1740 | D        | Found a transporter.
  1743 | D        | Killed a blizzard demon
  1744 | D        | Reached skill level 15 in Shields
  1772 | D        | Entered arena 18.
  1775 | D        | Noticed a Tzitzimitl
  1775 | D        | Noticed a gelid black sun
  1775 | D        | Noticed a blizzard demon
  1775 | D        | Noticed Bex Cuum the pandemonium lord
  1775 | D        | Noticed a blizzard demon
  1776 | D        | Noticed an infernal warmonger
  1777 | D        | Found a transporter.
  1801 | D        | Killed an infernal warmonger
  1801 | D        | Killed a blizzard demon
  1803 | D        | Killed a blizzard demon
  1805 | D        | Killed a gelid black sun
  1806 | D        | Killed a Tzitzimitl
  1807 | D        | Reached XP level 14. HP: 144/144 MP: 24/30
  1808 | D        | Killed Bex Cuum the pandemonium lord
  1872 | D        | Entered arena 19.
  1875 | D        | Noticed a vampire knight
  1876 | D        | Identified the +11 hand axe "Xase Hoymye" {vorpal, Will+
                  | MP-9 Str+2}
  1876 | D        | Noticed a vampire knight
  1876 | D        | Identified the ring of the Firefly {Fire rElec Slay+4
                  | Stlth-}
  1877 | D        | Found the amulet of Vitality {Regen+ HP+15}
  1881 | D        | Found a transporter.
  1885 | D        | Killed a vampire knight
  1889 | D        | Killed a vampire knight
  1982 | D        | Entered arena 20.
  1989 | D        | Found a transporter.
  1994 | D        | Reached skill level 27 in Invocations
  2049 | D        | Entered arena 21.
  2053 | D        | Noticed a lich
  2053 | D        | Noticed a starcursed mass
  2053 | D        | Noticed a bone dragon
  2053 | D        | Noticed a bone dragon
  2054 | D        | Identified the ring "Jeygataps" {Fire rElec rPois Int+8
                  | Dex-5}
  2056 | D        | Found a transporter.
  2066 | D        | Killed a lich
  2067 | D        | Reached skill level 5 in Dodging
  2068 | D        | Killed a bone dragon
  2070 | D        | Killed a bone dragon
  2071 | D        | Reached XP level 15. HP: 102/160 MP: 27/32
  2209 | D        | Entered arena 22.
  2235 | D        | Noticed a shard shrike
  2235 | D        | Noticed a shard shrike
  2235 | D        | Noticed a glowing shapeshifter
  2235 | D        | Noticed a juggernaut
  2235 | D        | a shard shrike changed into a juggernaut
  2236 | D        | Noticed a sphinx
  2237 | D        | Noticed a shard shrike
  2238 | D        | Noticed a shard shrike
  2238 | D        | Noticed a titan
  2238 | D        | Noticed a juggernaut
  2238 | D        | a glowing shapeshifter changed into a juggernaut
  2239 | D        | Noticed a titan
  2239 | D        | a shard shrike changed into a titan
  2239 | D        | Noticed a fire giant
  2239 | D        | a sphinx changed into a fire giant
  2239 | D        | Noticed a juggernaut
  2239 | D        | a shard shrike changed into a juggernaut
  2241 | D        | Noticed an iron giant
  2241 | D        | a titan changed into an iron giant
  2241 | D        | a fire giant changed into an alligator snapping turtle
  2241 | D        | Noticed a shard shrike
  2241 | D        | a juggernaut changed into a shard shrike
  2242 | D        | Noticed an emperor scorpion
  2242 | D        | an alligator snapping turtle changed into an emperor
                  | scorpion
  2242 | D        | Noticed a shard shrike
  2242 | D        | a titan changed into a shard shrike
  2242 | D        | Noticed a titan
  2242 | D        | a juggernaut changed into a titan
  2243 | D        | Noticed a caustic shrike
  2243 | D        | an iron giant changed into a caustic shrike
  2243 | D        | Noticed a titan
  2243 | D        | a shard shrike changed into a titan
  2243 | D        | Noticed a juggernaut
  2243 | D        | a shard shrike changed into a juggernaut
  2243 | D        | Noticed a golden dragon
  2243 | D        | a juggernaut changed into a golden dragon
  2244 | D        | Noticed a fire giant
  2244 | D        | a caustic shrike changed into a fire giant
  2244 | D        | Noticed a shard shrike
  2244 | D        | a titan changed into a shard shrike
  2245 | D        | Noticed a sphinx
  2245 | D        | a fire giant changed into a sphinx
  2245 | D        | Noticed a caustic shrike
  2245 | D        | a shard shrike changed into a caustic shrike
  2246 | D        | Killed a shard shrike
  2247 | D        | Reached skill level 10 in Dodging
  2247 | D        | Killed a titan
  2247 | D        | Killed a golden dragon
  2248 | D        | Noticed a shadow dragon
  2248 | D        | a caustic shrike changed into a shadow dragon
  2250 | D        | Killed an emperor scorpion
  2251 | D        | Noticed a titan
  2251 | D        | a juggernaut changed into a titan
  2252 | D        | Killed a sphinx
  2254 | D        | Noticed a caustic shrike
  2254 | D        | a shadow dragon changed into a caustic shrike
  2255 | D        | Noticed a juggernaut
  2255 | D        | a titan changed into a juggernaut
  2257 | D        | Noticed an iron dragon
  2257 | D        | a caustic shrike changed into an iron dragon
  2258 | D        | Killed a juggernaut
  2265 | D        | Killed an iron dragon
  2273 | D        | Found a transporter.
  2507 | D        | Entered arena 23.
  2613 | D        | Noticed a shard shrike
  2613 | D        | Noticed a frost giant
  2613 | D        | Noticed a caustic shrike
  2613 | D        | a shard shrike changed into a caustic shrike
  2614 | D        | Found the brooch of Shielding {Spirit SH+8}
  2614 | D        | Noticed a shard shrike
  2614 | D        | a caustic shrike changed into a shard shrike
  2614 | D        | a frost giant changed into an alligator snapping turtle
  2614 | D        | Noticed a titan
  2614 | D        | Identified the ring "Ynen" {+Inv rPois rF- rN++ MP+9}
  2616 | D        | Noticed a juggernaut
  2616 | D        | a shard shrike changed into a juggernaut
  2617 | D        | Noticed a titan
  2618 | D        | Noticed a titan
  2618 | D        | Noticed a juggernaut
  2618 | D        | a titan changed into a juggernaut
  2619 | D        | Noticed an iron dragon
  2619 | D        | a juggernaut changed into an iron dragon
  2619 | D        | Noticed a shard shrike
  2619 | D        | a juggernaut changed into a shard shrike
  2621 | D        | Noticed a juggernaut
  2621 | D        | a titan changed into a juggernaut
  2622 | D        | Noticed a juggernaut
  2622 | D        | a titan changed into a juggernaut
  2623 | D        | Noticed a golden dragon
  2623 | D        | a juggernaut changed into a golden dragon
  2624 | D        | Noticed a titan
  2624 | D        | a juggernaut changed into a titan
  2625 | D        | Reached XP level 16. HP: 56/177 MP: 16/33
  2625 | D        | Noticed a golden dragon
  2625 | D        | an iron dragon changed into a golden dragon
  2625 | D        | Noticed a titan
  2625 | D        | a shard shrike changed into a titan
  2627 | D        | Noticed a caustic shrike
  2627 | D        | a titan changed into a caustic shrike
  2627 | D        | Noticed a shard shrike
  2627 | D        | a titan changed into a shard shrike
  2628 | D        | Noticed a juggernaut
  2628 | D        | a caustic shrike changed into a juggernaut
  2629 | D        | Noticed a shadow dragon
  2629 | D        | a juggernaut changed into a shadow dragon
  2629 | D        | Noticed a shadow dragon
  2629 | D        | a golden dragon changed into a shadow dragon
  2629 | D        | Noticed a titan
  2629 | D        | a shard shrike changed into a titan
  2630 | D        | Killed a golden dragon
  2630 | D        | a shadow dragon changed into an alligator snapping turtle
  2633 | D        | Killed a titan
  2633 | D        | Noticed a golden dragon
  2633 | D        | a shadow dragon changed into a golden dragon
  2636 | D        | HP: 5/180 [golden dragon (glowing shapeshifter)/bolt of
                  | fire (52)]
  2643 | D        | Killed a golden dragon
  2717 | D        | Found a transporter.
  2993 | D        | Entered arena 24.
  2999 | D        | Noticed Faefubb the pandemonium lord
  3002 | D        | Found the +12 glaive of Prune {vorpal}
  3005 | D        | Reached skill level 15 in Dodging
  3015 | D        | Found a transporter.
  3022 | D        | Killed Faefubb the pandemonium lord
  3023 | D        | Reached skill level 27 in Fighting
  3109 | D        | Entered arena 25.
  3116 | D        | Noticed a deep elf master archer
  3116 | D        | Noticed a deep elf master archer
  3117 | D        | Noticed a deep elf master archer
  3117 | D        | Noticed a deep elf master archer
  3117 | D        | Noticed a deep elf master archer
  3117 | D        | Identified the +7 scythe "Ogreslayer" {drain, Will+}
  3118 | D        | Noticed a deep elf master archer
  3118 | D        | Identified the cursed +2 spear of Midwinter {vorpal, rF+
                  | rN+ Will+}
  3118 | D        | Identified the ring of Tegueph {rF+ rC+}
  3118 | D        | Identified the ring of the Past {rN+ Will+}
  3119 | D        | Found a transporter.
  3129 | D        | Killed a deep elf master archer
  3130 | D        | Reached XP level 17. HP: 80/191 MP: 9/34
  3130 | D        | Killed a deep elf master archer
  3131 | D        | Killed a deep elf master archer
  3131 | D        | Killed a deep elf master archer
  3131 | D        | Killed a deep elf master archer
  3132 | D        | Reached skill level 27 in Armour
  3144 | D        | Killed a deep elf master archer
  3571 | D        | Entered arena 26.
  3580 | D        | Noticed a Tzitzimitl
  3581 | D        | Noticed a Tzitzimitl
  3583 | D        | Identified the amulet "Xatzog" {Spirit +Fly Int+2}
  3590 | D        | Killed a Tzitzimitl
  3594 | D        | Killed a Tzitzimitl
  3596 | D        | Reached XP level 18. HP: 104/200 MP: 18/35
  3612 | D        | Found a transporter.
  3820 | D        | Entered arena 27.
  3830 | D        | Identified the +2 falchion "Vaunaw" {pain, Dex+6}
  3830 | D        | Identified the +5 ring mail of the New World {-Tele rC+++
                  | Str+6}
  3831 | D        | Found the +10 zealot's sword {holy, *Rage rN+ EV+3}
  3831 | D        | Found the +4 dagger "Morg" {pain, Will+ Int+5}
  3833 | D        | Identified the ring "Ledoxar" {rN+ Str+4 Dex+6}
  3846 | D        | Found a transporter.
  3850 | D        | Found the +9 scales of the Dragon King {rPois rF+ rC+
                  | Will+}
  3861 | D        | Reached skill level 27 in Dodging
  3886 | D        | Entered arena 28.
  3946 | D        | Found a transporter.
  4018 | D        | Found the +8 longbow "Zephyr" {speed, Dex+3 SInv}
  4060 | D        | Got the Orb of Zot
  4114 | D        | Escaped with the Orb!

Illustrated notes

Levels and vault maps discovered:
D:        sprint_v [room_start, room_1, room_2, room_3, room_4, room_5, room_6,
          room_7, room_8, room_9, room_10, room_11, room_12, room_13, room_14,
          room_15, room_16, room_17, room_18, room_19, room_20, room_21,
          room_22, room_23, room_24, room_25, room_26, room_27]

Skill      XL: |  1  2  3  4  5  6  7  8  9 10 11 12 13 14 15 16 17 18 |
---------------+-------------------------------------------------------+-----
Fighting       | 5 6 7 8 9 10 11 12 14 16 18 21 24 27 | 27.0
Long Blades    | 6 8 9 10 11 12 13 15 16 24 | 24.4
Armour         | 3 4 5 6 7 8 9 11 12 14 17 20 23 26 27 | 27.0
Shields        | 3 4 5 6 7 9 10 12 14 15 | 15.0
Invocations    | 5 7 9 10 12 14 16 19 22 25 27 | 27.0
Dodging        | 7 12 17 24 27 | 27.0
Short Blades   | |  0.3
Stealth        | |  1.7
Unarmed Combat | |  0.1
Evocations     | |  0.1

Action                   |  1- 3 |  4- 6 |  7- 9 | 10-12 | 13-15 | 16-18 || total
-------------------------+-------+-------+-------+-------+-------+-------++-------
Melee: Double sword      |     2 |    13 |    23 |    82 |    93 |   120 ||   333
Invok: Recite            |       |       |     2 |     7 |     6 |     5 ||    20
       Vitalisation      |       |       |       |       |     1 |       ||     1
       Sanctuary         |       |       |       |       |     1 |       ||     1
  Use: Potion            |     5 |       |       |       |     5 |    14 ||    24
       Scroll            |       |       |       |     1 |       |       ||     1
 Stab: Invisible         |       |     3 |     3 |     1 |       |       ||     7
       Paralysed         |       |       |       |     1 |       |     6 ||     7
       Confused          |       |       |       |       |       |     5 ||     5
Armor: Plate armour      |       |       |     7 |    41 |    46 |    70 ||   164
Dodge: Dodged            |       |       |       |     7 |    16 |    71 ||    94
Block: Kite shield       |     3 |     9 |    36 |   124 |   135 |   229 ||   536
       Rpst.: Double sword |       |       |       |     2 |     3 |     6 ||    11

Table legend: (Time is in decaauts)
 A = Elapsed time spent in this place.
 B = Non-inter-level travel time spent in this place.
 C = Inter-level travel time spent in this place.
 D = Time resting spent in this place.
 E = Time spent auto-exploring this place.
 F = Levels seen in this place.
 G = Mean time per level.
                   A        B        C        D        E       F      G
               +--------+--------+--------+--------+--------+-----+--------+
         Total |   4018 |   4018 |      0 |   3274 |     21 |   1 | 4018.0 |
       Dungeon |   4018 |   4018 |      0 |   3274 |     21 |   1 | 4018.0 |
               +--------+--------+--------+--------+--------+-----+--------+

Top non-repeatable levels by time:
       D: 4018 daAuts
